 Dungeon Crawl Stone Soup version 0.29-a0-721-g7f417c9bbb (webtiles) character file.

Game seed: 8376182323285732887

58 crusatyr the Slasher (level 3, -2/29 HPs)
             Began as a Demonspawn Monk on June 28, 2022.
             Was an Initiate of Uskayaw.
             Slain by an orc
             ... wielding a +0 flail
              (8 damage)
             ... on level 3 of the Dungeon.
             The game lasted 00:03:10 (2060 turns).

crusatyr the Slasher (Demonspawn Monk)              Turns: 2060, Time: 00:03:11

Health: -2/29      AC:  3    Str: 13    XL:     3   Next: 75%
Magic:  0/3        EV: 12    Int: 11    God:    Uskayaw [......]
Gold:   122        SH:  4    Dex: 15    Spells: 2/2 levels left

rFire   . . .      SeeInvis .   d - +0 long sword
rCold   . . .      Faith    .   l - +0 buckler
rNeg    . . .      Spirit   .   g - +0 leather armour
rPois   .          Reflect  .   (no helmet)
rElec   .          Harm     .   (no cloak)
rCorr   .          Rampage  .   (no gloves)
Will    .....                   (no boots)
Stlth   ++........              (no amulet)
HPRegen 0.09/turn               (no ring)
MPRegen 0.08/turn               (no ring)

@: no status effects
A: ignite blood 1, powered by death 1
a: Renounce Religion


You were on level 3 of the Dungeon.
You worshipped Uskayaw.
Uskayaw was noncommittal.
You visited 1 branch of the dungeon, and saw 3 of its levels.

You collected 122 gold pieces.

Inventory:

Hand Weapons
 a - a +0 falchion
 d - a +0 long sword (weapon)
Armour
 g - a +0 leather armour (worn)
 l - a +0 buckler (worn)
Scrolls
 b - a scroll of fog {unknown}
 e - 2 scrolls of noise {unknown}
 h - 2 scrolls of teleportation {unknown}
 k - a scroll of enchant armour {unknown}
Potions
 c - 3 potions of ambrosia
 f - a potion of haste {unknown}
 i - a potion of attraction {unknown}
 j - a potion of curing {unknown}
 m - a potion of magic {unknown}
 n - a potion of mutation {unknown}


   Skills:
 - Level 3.0 Fighting
 + Level 3.9 Long Blades
 + Level 1.0 Armour
 - Level 2.6 Dodging
 - Level 1.7 Stealth
 + Level 0.4 Shields
 * Level 0.9 Invocations


You had 2 spell levels left.
You didn't know any spells.
Your spell library contained the following spells:

 Spells                   Type           Power      Damage    Failure   Level
 Magic Dart               Conj           0%         1d3       52%         1
 Searing Ray              Conj           0%         2d4       67%         2
 Gell's Gravitas          Tloc           0%         N/A       88%         3
 Teleport Other           Tloc           0%         N/A       88%         3
 Fulminant Prism          Conj/Hex       0%         3d6       99%         4
 Dispersal                Tloc           0%         N/A       100%        6


Dungeon Overview and Level Annotations

Branches:
Dungeon (3/15)

Altars:
Uskayaw

Shops:
D:2 (=


Innate Abilities, Weirdness & Mutations

Your demonic aura sometimes causes spilled blood to erupt in flames.
You regenerate a little health from kills.


Message History

You kill the frilled lizard!
A bat comes into view.
The orc misses you.
You barely miss the orc. The orc hits you but does no damage.
You slash the orc!
You kill the orc!
No target in view!
No target in view!
No target in view!
You block the bat's attack.
You barely miss the bat. The bat barely misses you.
The bat hits you but does no damage.
You miss the bat. The bat hits you but does no damage.
The bat barely misses you.
You hit the bat.
You kill the bat!
No target in view!
No target in view!
Things that are here:
a +0 hand axe; a bat corpse
h - 2 scrolls labelled EXOP YGEISKEI (gained 1)
An orc comes into view. It is wielding a +0 flail.
An orc is nearby!
A jelly comes into view.
The jelly quivers.
The orc shouts!
An orc comes into view. It is wielding a +0 short sword.
A jackal comes into view.
The jelly moves out of view.
Found a pink potion.
You stomp with the beat, sending a shockwave through the revellers around you!
You can no longer stomp with the beat.
The orc shouts!
You hit the jelly.
Your hands burn!
The jelly is moderately wounded.
The jelly hits you.
You are splashed with acid!
The jelly hits you.
You are splashed with acid!
* * * LOW HITPOINT WARNING * * *
The orc hits you with a +0 flail!
You die...

#################
................#
###....#...##..#
#....#...###.#
#J@..##..###.#
#!....o..###......#
.# #...o#...#
##.....##.# #...
#...# ###...##.#
#.. #..## ####.##.#
#. #..#
####....##.# .
..####.......##.#
.###.......)....#
##..........#..#


You could see a jelly and 2 orcs.

Vanquished Creatures
  An adder (D:3)
  A worm (D:2)
  A dart slug (D:2)
  An orc (D:3)
  3 ball pythons (D:1)
  4 endoplasms
  4 giant cockroaches (D:1)
  A goblin (D:2)
  3 hobgoblins (D:1)
  3 quokkas (D:1)
  4 bats
  6 frilled lizards
  4 kobolds
  6 rats
42 creatures vanquished.

Notes
Turn   | Place    | Note
-------+----------+-------------------------------------------
     0 | D:1      | crusatyr the Demonspawn Monk began the quest for the Orb.
     0 | D:1      | Reached XP level 1. HP: 18/18 MP: 1/1
   158 | D:1      | Gained mutation: You regenerate a little health from kills.
                  | [demonic ancestry]
   158 | D:1      | Reached XP level 2. HP: 23/24 MP: 2/2
  1201 | D:2      | Gained mutation: Your demonic aura sometimes causes spilled
                  | blood to erupt in flames. [demonic ancestry]
  1201 | D:2      | Reached XP level 3. HP: 29/29 MP: 3/3
  1720 | D:2      | Found Orru's Jewellery Shoppe.
  1755 | D:2      | Found Guboshreff's Weapon Shop.
  1886 | D:3      | Found a faded altar of an unknown god.
  1889 | D:3      | Prayed at the altar of an unknown god.
  1889 | D:3      | Became a worshipper of Uskayaw the Reveller
  1889 | D:3      | Reached * piety under Uskayaw
  1889 | D:3      | Reached ** piety under Uskayaw
  1911 | D:3      | Reached skill level 1 in Armour
  2060 | D:3      | Slain by an orc

Illustrated notes

Levels and vault maps discovered:
D:1:      mrwooster_arrival_statue_2, layout_basic, hex_large,
          chequers_decorated_corner, chequers_serial_rivers_marsh
D:2:      layout_loops_cross, serial_shops, shop,
          nicolae_shop_bloodbath_and_beyond
D:3:      minmay_recursive_quarters, layout_loops_ring,
          nicolae_overflow_hidden_temple, nicolae_ecumenical_oubliette

Skill      XL: |  1  2  3 |
---------------+----------+-----
Long Blades    | 3 |  3.9
Armour         | 1 |  1.0
Fighting       | |  3.0
Dodging        | |  2.6
Stealth        | |  1.7
Shields        | |  0.4
Invocations    | |  0.9

Action                   || total
-------------------------++-------
Melee: Long sword        ||    92
       Falchion          ||     2
       Punch             ||     1
Invok: Stomp             ||     1
 Stab: Sleeping          ||    11
Armor: Leather armour    ||    12
       Robe              ||     5
Dodge: Dodged            ||    52
Block: Buckler           ||     5

Table legend: (Time is in decaauts)
 A = Elapsed time spent in this place.
 B = Non-inter-level travel time spent in this place.
 C = Inter-level travel time spent in this place.
 D = Time resting spent in this place.
 E = Time spent auto-exploring this place.
 F = Levels seen in this place.
 G = Mean time per level.
                   A        B        C        D        E       F      G
               +--------+--------+--------+--------+--------+-----+--------+
         Total |   2085 |   2029 |     56 |      0 |   1664 |   3 |  695.0 |
       Dungeon |   2085 |   2029 |     56 |      0 |   1664 |   3 |  695.0 |
               +--------+--------+--------+--------+--------+-----+--------+

Top non-repeatable levels by time:
     D:1: 1156 daAuts
     D:2: 756 daAuts
     D:3: 172 daAuts
